 Dungeon Crawl Stone Soup version 0.29.1-1-gd02db6906a (webtiles) character file.

Game seed: 16848400110504919970

124 Earthwalker the Trooper (level 4, -6/21 (41) HPs)
             Began as a Minotaur Fighter on Oct 15, 2022.
             Killed from afar by an orc wizard (9 damage)
             ... with a puff of flame
             ... on level 3 of the Dungeon.
             The game lasted 00:04:24 (1605 turns).

Earthwalker the Trooper (Minotaur Fighter)          Turns: 1605, Time: 00:04:26

HP:   -6/21 (41)    AC: 12    Str: 23    XL:     4   Next: 81%
MP:   3/3           EV:  6    Int:  5    God:
Gold: 95            SH:  4    Dex:  9    Spells: 3/3 levels left

rFire   . . .      SeeInvis .   a - +0 trident
rCold   . . .      Faith    .   c - +0 buckler
rNeg    . . .      Spirit   .   m - +0 plate armour
rPois   .          Reflect  .   (helmet restricted)
rElec   .          Harm     .   (no cloak)
rCorr   .          Rampage  .   (no gloves)
Will    +....                   (no boots)
Stlth   ..........              (no amulet)
HPRegen 0.07/turn               l - ring of flight
MPRegen 0.08/turn               n - ring of willpower

@: flying, very heavily drained
A: horns 2, retaliatory headbutt
a: no special abilities


You were on level 3 of the Dungeon.
You visited 1 branch of the dungeon, and saw 3 of its levels.

You collected 95 gold pieces.

Inventory:

Hand Weapons
 a - a +0 trident (weapon)
Missiles
 g - a throwing net (quivered)
Armour
 b - a +0 scale mail
 c - a +0 buckler (worn)
 m - a +0 plate armour (worn)
Jewellery
 l - a ring of flight (left hand)
 n - a ring of willpower (right hand)
Scrolls
 e - a scroll of amnesia {unknown}
 k - 2 scrolls of vulnerability
Potions
 d - a potion of might
 f - a potion of mutation {unknown}
 h - 2 potions of curing {unknown}
 i - a potion of degeneration {unknown}
 j - a potion of heal wounds {unknown}


   Skills:
 * Level 4.4 Fighting
 * Level 3.5 Polearms
 * Level 4.4 Armour
 * Level 1.9 Dodging
 * Level 4.4 Shields


You had 3 spell levels left.
You didn't know any spells.
Your spell library contained the following spells:

 Spells                   Type           Power      Damage    Failure   Level
 Necrotise                Necr           0%         1d4       100%        1
 Conjure Flame            Conj/Fire      0%         6-21      100%        3
 Ignite Poison            Fire/Tmut/Pois 0%         N/A       100%        3
 Vampiric Draining        Necr           0%         2d6       100%        3
 Sticky Flame             Conj/Fire      0%         2d3       100%        4
 Agony                    Necr           0%         N/A       100%        5


Dungeon Overview and Level Annotations

Branches:
Dungeon (3/15)

Altars:

Annotations:
D:2 Sigmund


Innate Abilities, Weirdness & Mutations

You have a pair of horns on your head.
You reflexively headbutt those who attack you in melee.


Message History

Deactivating autopickup; reactivate with Ctrl-A.
You closely miss something. Something hits you but does no damage.
You feel drained.
You miss something. Something hits you.
* * * LOW HITPOINT WARNING * * *
You feel drained.
You closely miss something. Your headbutt misses something.
You hear some strange, mumbled words.
A puff of flame appears from out of thin air!
The puff of flame hits you but does no damage.
Something hits you but does no damage.
You feel drained.
You miss something. Your headbutt misses something.
Something hits you but does no damage.
You feel drained.
You hit something but do no damage. Something hits you but does no damage.
You feel drained.
You closely miss something. Your headbutt misses something.
Something hits you but does no damage.
You feel drained.
You closely miss something. Something hits you but does no damage.
You feel drained.
You barely miss something. Something hits you.
* * * LOW HITPOINT WARNING * * *
You feel drained.
* * * LOW HITPOINT WARNING * * *
You block something's attack.
You closely miss something. Your headbutt misses something. Something hits you.
* * * LOW HITPOINT WARNING * * *
You feel drained.
You barely miss something. Your headbutt misses something.
Something hits you but does no damage.
You feel drained.
You miss something. Something hits you but does no damage.
You feel drained.
You miss something. Something hits you.
* * * LOW HITPOINT WARNING * * *
You feel drained.
You closely miss something. Something hits you.
* * * LOW HITPOINT WARNING * * *
You feel drained.
You hear some strange, mumbled words.
A puff of flame appears from out of thin air!
The puff of flame hits you!
You die...

...........SoS..
......#.##.#....
#####.#....# .#
#.#S####...#
#.#...†....#
#.#.#####..#
#.#........
####.#'######.
#......{@#
#......))#
#........########.#
####)#.#..........#
#.#.#.##########
#.#.#.#........#
#.#.#.#.######.#
#.#.#.#.# #.#
#.#.#.#.# #.#


There were no monsters in sight!

Vanquished Creatures
  Jessica (D:2)
  2 orc wizards (D:3)
  2 orcs (D:3)
  4 bats
  7 endoplasms
  A giant cockroach (D:1)
  5 goblins
  7 hobgoblins
  2 kobolds
  6 ball pythons
  5 frilled lizards
  2 rats (D:1)
44 creatures vanquished.

Notes
Turn   | Place    | Note
-------+----------+-------------------------------------------
     0 | D:1      | Earthwalker the Minotaur Fighter began the quest for the
                  | Orb.
     0 | D:1      | Reached XP level 1. HP: 19/19 MP: 0/0
    34 | D:1      | Found a faded altar of an unknown god.
   219 | D:1      | Reached XP level 2. HP: 26/27 MP: 1/1
   417 | D:1      | Reached skill level 1 in Dodging
   774 | D:2      | Noticed Jessica
   784 | D:2      | Killed Jessica
   785 | D:2      | Reached XP level 3. HP: 14/33 MP: 2/2
  1031 | D:2      | Noticed Sigmund
  1527 | D:3      | Reached XP level 4. HP: 40/40 MP: 3/3
  1605 | D:3      | Killed from afar by an orc wizard

Illustrated notes

Levels and vault maps discovered:
D:1:      amcnicky_arrival_choice, layout_loops_ring,
          shapermc_ecumenical_altar_ellora, minmay_misc_feat_four_crosses
D:2:      layout_rooms, uniq_sigmund, uniq_jessica
D:3:      layout_basic, ashenzari_conservatory_becter

Skill      XL: |  1  2 |
---------------+-------+-----
Dodging        | 1 |  1.9
Fighting       | 4 |  4.4
Polearms       | 3 |  3.5
Armour         | 4 |  4.4
Shields        | 4 |  4.4

Action                   |  1- 3 |  4- 6 || total
-------------------------+-------+-------++-------
Melee: Trident           |    86 |    44 ||   130
       Headbutt          |     5 |     4 ||     9
  Use: Scroll            |     2 |       ||     2
Armor: Scale mail        |    42 |       ||    42
       Plate armour      |     4 |    32 ||    36
Dodge: Dodged            |    31 |     9 ||    40
Block: Buckler           |    13 |     5 ||    18
